 Dungeon Crawl Stone Soup version 0.30-a0-613-gdd512c7efb (webtiles) character file.

Game seed: 2913703809277911166

465 wormed the Slasher (level 7, -6/62 HPs)
             Began as a Naga Gladiator on Jan 9, 2023.
             Was an Initiate of Cheibriados.
             Killed by divine providence
             ... invoked by an orc priest
              (15 damage)
             ... on level 4 of the Dungeon.
             The game lasted 00:07:00 (3052 turns).

wormed the Slasher (Naga Gladiator)                 Turns: 3052, Time: 00:07:01

Health: -6/62      AC: 10    Str: 17    XL:     7   Next: 8%
Magic:  7/7        EV:  8    Int:  9    God:    Cheibriados [......]
Gold:   188        SH:  4    Dex: 16    Spells: 6/6 levels left

rFire   . . .      SeeInvis +    a - +0 long sword
rCold   + . .      Faith    .    l - +0 buckler
rNeg    . . .      Spirit   .    g - +4 scale mail
rPois   +          Reflect  .    k - +0 helmet
rElec   .          Harm     .    (no cloak)
rCorr   .          Rampage  .    (no gloves)
Will    .....                    (no barding) Stlth
                                 (no amulet)
HPRegen 0.30/turn                w - ring of protection from cold
MPRegen 0.10/turn                (no ring)

@: mighty, on berserk cooldown, attractive, slowed, very slow
A: AC +2, large, see invisible, deformed body, poison resistance, slowness 2,
spit poison 1, naga tail 1
a: Spit Poison, Renounce Religion


You were on level 4 of the Dungeon.
You worshipped Cheibriados.
Cheibriados was noncommittal.
You visited 2 branches of the dungeon, and saw 5 of its levels.

You collected 188 gold pieces.

Inventory:

Hand Weapons
 a - a +0 long sword (weapon)
Missiles
 d - 2 throwing nets (quivered)
 e - a javelin
Armour
 b - a +0 leather armour
 c - a +0 helmet
 g - a +4 scale mail (worn)
 k - a +0 helmet (worn)
 l - a +0 buckler (worn)
Jewellery
 w - a ring of protection from cold (left hand)
Scrolls
 f - 6 scrolls of identify {unknown}
 i - a scroll of enchant armour {unknown}
 j - a scroll of teleportation {unknown}
 s - a scroll of immolation {unknown}
 t - a scroll of fear {unknown}
 u - a scroll of vulnerability {unknown}
 v - a scroll of magic mapping {unknown}
 y - a scroll of torment {unknown}
Potions
 p - a potion of curing {unknown}
 q - a potion of haste
 r - a potion of flight {unknown}
 x - a potion of lignification {unknown}


   Skills:
 + Level 3.4 Fighting
 * Level 4.8 Long Blades
 + Level 2.9 Throwing
 + Level 2.0 Armour
 + Level 3.3 Dodging
 + Level 1.8 Shields


You had 6 spell levels left.
You didn't know any spells.
Your spell library contained the following spells:

 Spells                   Type           Power      Damage    Failure   Level
 Summon Small Mammal      Summ           0%         N/A       86%         1
 Call Canine Familiar     Summ           0%         N/A       99%         3
 Summon Guardian Golem    Hex/Summ       0%         N/A       99%         3


Dungeon Overview and Level Annotations

Branches:
Dungeon (4/15)             Temple (1/1) D:4

Altars:
Cheibriados
Dithmenos
Fedhas
Makhleb
Okawaru
Qazlal
Sif Muna
Vehumet
Wu Jian
Yredelemnul
Zin

Shops:
D:2 =(*   D:3 :

Annotations:
D:4 Robin


Innate Abilities, Weirdness & Mutations

Your serpentine skin is tough. (AC +2)
You have supernaturally acute eyesight. (SInv)
Armour fits poorly on your strangely shaped body.
Your system is resistant to poisons. (rPois)
You cover ground very slowly.
You can spit poison.
You have a snake-like lower body.


Message History

* * * LOW HITPOINT WARNING * * *
The goblin hits you but does no damage. You block the orc's attack.
You slash the goblin!
You kill the goblin!
Cheibriados appreciates the change of pace.
The orc hits you with a +0 mace.
* * * LOW HITPOINT WARNING * * *
You slice the orc!!
You kill the orc!
Cheibriados thoroughly appreciates the change of pace.
Robin throws the goblin at you!
* * * LOW HITPOINT WARNING * * *
The goblin barely misses you. The orc priest is attracted toward you.
The goblin is attracted toward you.
You barely miss the goblin. The goblin hits you but does no damage.
The goblin hits you with a +0 dagger.
* * * LOW HITPOINT WARNING * * *
You barely miss the goblin. The goblin hits you with a +0 dagger.
* * * LOW HITPOINT WARNING * * *
The goblin hits you but does no damage.
You barely miss the goblin. The goblin hits you but does no damage.
The goblin hits you with a +0 dagger.
* * * LOW HITPOINT WARNING * * *
The goblin hits you with a +0 dagger.
* * * LOW HITPOINT WARNING * * *
The goblin closely misses you.
You closely miss the goblin.
You are no longer berserk.
You are exhausted.
You feel yourself slow down.
The goblin no longer looks unusually strong.
The goblin barely misses you.
The orc priest begins to cast a cantrip, but forgets the words!
The goblin barely misses you.
You closely miss the goblin. The goblin hits you with a +0 dagger.
* * * LOW HITPOINT WARNING * * *
The goblin hits you but does no damage.
The orc priest mumbles some strange prayers to Beogh against you.
Beogh smites you!
You die...

##..##...### ####
##.#####.## ##.## .#
##.## .## ###..#
..## ##...## ...##
#..###....# #.....
#........#######...#
##..>.....g@goog..#
####.....###ggK..#
##...## ####..#
##.## ..# #.# ..#
#.#


gg# #.# .g. #.# ogg# go.. You could see Robin, an orc priest, an orc, 4 goblins
and a kobold.

Vanquished Creatures
  Sigmund (D:2)
  A bullfrog (D:3)
  Natasha (twice) (D:2)
  2 orc wizards (D:4)
  6 adders
  2 worms
  A dart slug (D:3)
  5 orcs
  3 bats
  5 endoplasms (D:1)
  5 giant cockroaches
  13 goblins
  6 hobgoblins
  2 quokkas (D:1)
  9 ball pythons
  A frilled lizard (D:1)
  10 kobolds
  9 rats
83 creatures vanquished.

Notes
Turn   | Place    | Note
-------+----------+-------------------------------------------
     0 | D:1      | wormed the Naga Gladiator began the quest for the Orb.
     0 | D:1      | Reached XP level 1. HP: 19/19 MP: 1/1
   162 | D:1      | Reached XP level 2. HP: 26/26 MP: 2/2
   580 | D:1      | Found a faded altar of an unknown god.
   620 | D:1      | Reached XP level 3. HP: 32/32 MP: 3/3
  1128 | D:2      | Found a basalt altar of Yredelemnul.
  1225 | D:2      | Found Gimeufo's Jewellery Shop.
  1279 | D:2      | Reached skill level 1 in Armour
  1335 | D:2      | Reached XP level 4. HP: 40/40 MP: 4/4
  1344 | D:2      | Noticed Sigmund
  1346 | D:2      | Found Ixkuxze's General Store.
  1363 | D:2      | Killed Sigmund
  1364 | D:2      | Reached skill level 4 in Long Blades
  1364 | D:2      | Reached skill level 1 in Shields
  1364 | D:2      | Reached XP level 5. HP: 40/49 MP: 5/5
  1420 | D:2      | Reached XP level 6. HP: 56/56 MP: 6/6
  1451 | D:2      | Noticed Natasha
  1462 | D:2      | Killed Natasha
  1464 | D:2      | Found Toreceacs's Weapon Emporium.
  1711 | D:2      | Noticed Natasha
  1718 | D:2      | Killed Natasha
  2345 | D:3      | Found Vufomn's Book Boutique.
  2660 | D:4      | Found a staircase to the Ecumenical Temple.
  2679 | Temple   | Entered the Ecumenical Temple
  2772 | Temple   | Became a worshipper of Cheibriados the Contemplative
  3008 | D:4      | Noticed Robin
  3022 | D:4      | Reached XP level 7. HP: 55/62 MP: 7/7
  3052 | D:4      | Killed from afar by an orc priest

Illustrated notes

Levels and vault maps discovered:
D:1:      dpeg_arrival_rooms_c, layout_loops_corners, basic_ecumenical_altar,
          st_stairs_9, minmay_pentomino_v2
D:2:      layout_basic, basic_altar, serial_shops, nicolae_shop_trees, shop,
          nicolae_shop_competitors_out_of_business, uniq_natasha, uniq_sigmund
D:3:      layout_basic, serial_shops, nicolae_shop_statue_plus, st_stairs_7
D:4:      layout_layer_cave, tso_metal_star, minmay_temple_entry_tees,
          uniq_duvessa, uniq_robin
Temple:   oiseaux_autumnal_temple

Skill      XL: |  1  2  3  4  5  6  7 |
---------------+----------------------+-----
Throwing       | 2 |  2.9
Armour         | 1 2 |  2.0
Fighting       | 3 |  3.4
Long Blades    | 4 |  4.8
Dodging        | 3 |  3.3
Shields        | 1 |  1.8

Action                   |  1- 3 |  4- 6 |  7- 9 || total
-------------------------+-------+-------+-------++-------
Melee: Long sword        |   132 |   140 |    25 ||   297
       Punch             |     1 |       |       ||     1
Throw: Throwing net      |       |     3 |       ||     3
  Use: Potion            |       |       |     4 ||     4
Armor: Scale mail        |    71 |   100 |    19 ||   190
Dodge: Dodged            |    63 |    65 |    13 ||   141
Block: Buckler           |     1 |    25 |     7 ||    33

Table legend: (Time is in decaauts)
 A = Elapsed time spent in this place.
 B = Non-inter-level travel time spent in this place.
 C = Inter-level travel time spent in this place.
 D = Time resting spent in this place.
 E = Time spent auto-exploring this place.
 F = Levels seen in this place.
 G = Mean time per level.
                   A        B        C        D        E       F      G
               +--------+--------+--------+--------+--------+-----+--------+
         Total |   4151 |   4006 |    145 |      0 |   3082 |   5 |  830.2 |
       Dungeon |   3972 |   3874 |     98 |      0 |   2989 |   4 |  993.0 |
        Temple |    178 |    131 |     47 |      0 |     93 |   1 |  178.0 |
               +--------+--------+--------+--------+--------+-----+--------+

Top non-repeatable levels by time:
     D:1: 1436 daAuts
     D:2: 1177 daAuts
     D:3: 952 daAuts
     D:4: 406 daAuts
  Temple: 178 daAuts
